 Dungeon Crawl Stone Soup version 0.30-a0-996-ga6910c8ee8 (webtiles) character file.

Game seed: 9717660821046610679

119 Maxmaps the Trooper (level 4, -2/38 HPs)
             Began as a Demonspawn Monk on Apr 4, 2023.
             Killed by divine providence
             ... invoked by an orc priest
              (9 damage)
             ... on level 3 of the Dungeon.
             The game lasted 00:01:56 (1810 turns).

Maxmaps the Trooper (Demonspawn Monk)               Turns: 1810, Time: 00:01:56

Health: -2/38      AC:  8    Str: 11    XL:     4   Next: 73%
Magic:  4/4        EV: 13    Int: 14    God:
Gold:   99         SH:  0    Dex: 15    Spells: 3/3 levels left

rFire   . . .      SeeInvis .    j - +1 dagger (elec)
rCold   . . .      Faith    .    (no shield)
rNeg    . . .      Spirit   .    a - +0 robe
rPois   .          Reflect  .    (helmet restricted)
rElec   .          Rampage  .    (no cloak)
rCorr   .                        (no gloves)
Will    .....                    (no boots)
Stlth   ++                       (no amulet)
HPRegen 0.26/turn                (no ring)
MPRegen 0.09/turn                (no ring)

@: sanguine armoured
A: horns 1, sanguine armour 1
a: no special abilities


You were on level 3 of the Dungeon.
You visited 1 branch of the dungeon, and saw 3 of its levels.

You collected 99 gold pieces.

Inventory:

Hand Weapons
 d - a +2 dagger of venom
 j - a +1 dagger of electrocution (weapon)
Armour
 a - a +0 robe (worn)
Scrolls
 e - 2 scrolls of identify {unknown}
 g - a scroll of immolation {unknown}
 h - a scroll of teleportation {unknown}
 i - a scroll of vulnerability {unknown}
 k - a scroll of silence {unknown}
Potions
 b - a potion of ambrosia
 c - 2 potions of heal wounds {unknown}
 f - 2 potions of resistance {unknown}
 l - a potion of lignification {unknown}


   Skills:
 + Level 4.4 Fighting
 - Level 4.0 Dodging
 - Level 1.7 Stealth
 - Level 2.6 Unarmed Combat


You had 3 spell levels left.
You didn't know any spells.
Your spell library contained the following spells:

 Spells                   Type           Power      Damage    Failure   Level
 Slow                     Hex            0%         N/A       28%         1
 Confusing Touch          Hex            0%         N/A       65%         3
 Vampiric Draining        Necr           0%         2d6       65%         3


Dungeon Overview and Level Annotations

Branches:
Dungeon (3/15)

Altars:
Nemelex Xobeh


Innate Abilities, Weirdness & Mutations

You have a pair of small horns on your head.
When seriously injured, your blood forms armour. (AC +6)


Message History

Unknown command.
You barely miss the orc priest. The orc priest closely misses you.
The orc closely misses you.
You hit the orc priest.
The orc priest is lightly wounded.
The orc barely misses you. The orc priest closely misses you.
You hit the orc priest but do no damage.
Your headbutt misses the orc priest.
The orc priest is lightly wounded.
The orc priest hits you but does no damage.
The orc barely misses you.
You hit the orc priest but do no damage.
The orc priest is lightly wounded.
The orc priest barely misses you. The orc hits you with a +0 short sword.
You hit the orc priest but do no damage.
The orc closely misses you.
The orc priest casts a cantrip, but nothing happens.
You hit the orc priest but do no damage.
The orc hits you with a +0 short sword. The orc priest barely misses you.
You hit the orc priest but do no damage.
Your headbutt misses the orc priest. The orc misses you.
The orc priest hits you with a +0 flail.
You hit the orc priest but do no damage.
Lightning courses through the orc priest!
The orc priest is severely wounded.
The orc priest hits you with a +0 flail.
The orc closely misses you.
You hit the orc priest but do no damage.
You headbutt the orc priest.
The orc priest is severely wounded.
The orc priest hits you with a +0 flail.
* * * LOW HITPOINT WARNING * * *
The orc hits you with a +0 short sword.
* * * LOW HITPOINT WARNING * * *
You barely miss the orc priest.
The orc priest is severely wounded.
The orc hits you but does no damage.
The orc priest calls down the wrath of Beogh upon you.
Beogh smites you!
You die...

. #[#.#........
..##...........#
...............#
#.......<.......
#..............#
........)......#
#....?.........#
#............###
#....#.?@o.###
.......##o.#
....... S##
#....## .. ..###
#.. #.. #.. ...


You could see an orc priest, an adder and an orc.

Vanquished Creatures
  Robin (D:2)
  4 adders (D:2)
  2 worms (D:2)
  3 orcs (D:3)
  8 ball pythons
  7 endoplasms
  A giant cockroach (D:1)
  3 hobgoblins
  7 kobolds
  A quokka (D:1)
  2 bats
  6 frilled lizards
  11 goblins
  5 rats
61 creatures vanquished.

Vanquished Creatures (others)
  3 plants (D:1)
3 creatures vanquished.

Grand Total: 64 creatures vanquished

Notes
Turn   | Place    | Note
-------+----------+-------------------------------------------
     0 | D:1      | Maxmaps the Demonspawn Monk began the quest for the Orb.
     0 | D:1      | Reached XP level 1. HP: 18/18 MP: 1/1
   112 | D:1      | Gained mutation: You have a pair of small horns on your
                  | head. [demonic ancestry]
   112 | D:1      | Reached XP level 2. HP: 21/24 MP: 2/2
  1201 | D:2      | Reached XP level 3. HP: 29/29 MP: 3/3
  1396 | D:2      | Noticed Robin
  1422 | D:2      | Killed Robin
  1423 | D:2      | Gained mutation: When seriously injured, your blood forms
                  | armour. (AC +6) [demonic ancestry]
  1423 | D:2      | Reached XP level 4. HP: 20/37 MP: 4/4
  1702 | D:2      | Found a sparkling altar of Nemelex Xobeh.
  1810 | D:3      | Killed from afar by an orc priest

Illustrated notes

Levels and vault maps discovered:
D:1:      wander_arrival_estate, layout_loops_ring, chequers_big_river,
          patterned_corridor
D:2:      layout_basic, basic_altar, uniq_robin
D:3:      layout_rooms, lightli_temple_of_fire, uniq_ijyb, uniq_natasha

Skill      XL: |  1  2  3  4 |
---------------+-------------+-----
Dodging        | 3 4 |  4.0
Fighting       | 4 |  4.4
Stealth        | |  1.7
Unarmed Combat | |  2.6

Action                     |  1- 3 |  4- 6 || total
---------------------------+-------+-------++-------
  Melee: Unarmed           |    51 |       ||    51
         Punch             |     3 |     2 ||     5
         Dagger            |    71 |    54 ||   125
         Headbutt          |    10 |    10 ||    20
   Stab: Sleeping          |     9 |     2 ||    11
 Armour: Robe              |    19 |    13 ||    32
  Dodge: Dodged            |    73 |    36 ||   109

Table legend: (Time is in decaauts)
 A = Elapsed time spent in this place.
 B = Non-inter-level travel time spent in this place.
 C = Inter-level travel time spent in this place.
 D = Time resting spent in this place.
 E = Time spent auto-exploring this place.
 F = Levels seen in this place.
 G = Mean time per level.
                   A        B        C        D        E       F      G
               +--------+--------+--------+--------+--------+-----+--------+
         Total |   1822 |   1763 |     59 |    142 |   1231 |   3 |  607.3 |
       Dungeon |   1822 |   1763 |     59 |    142 |   1231 |   3 |  607.3 |
               +--------+--------+--------+--------+--------+-----+--------+

Top non-repeatable levels by time:
     D:1: 1127 daAuts
     D:2: 662 daAuts
     D:3: 32 daAuts
